 Dungeon Crawl Stone Soup version 0.22-a0-369-gc73351f (webtiles) character file.

198 dstrtnsr the Insei (level 5, 0/45 HPs)
             Began as a Hill Orc Conjurer on Apr 24, 2018.
             Slain by a worker ant zombie (4 damage)
             ... on level 5 of the Dungeon.
             The game lasted 00:12:53 (1578 turns).

dstrtnsr the Insei (Hill Orc Conjurer)              Turns: 1578, Time: 00:12:54

Health: 0/45       AC:  2    Str: 11    XL:     5   Next: 77%
Magic:  7/7        EV: 12    Int: 16    God:    Xom [*.....]
Gold:   126        SH:  0    Dex: 11    Spells: 6/7 levels left

rFire    . . .     SeeInvis .     - Unarmed
rCold    . . .     Gourm    .   (no shield)
rNeg     . . .     Faith    .   a - +0 robe
rPois    .         Spirit   .   (no helmet)
rElec    .         Reflect  .   (no cloak)
rCorr    .         Harm     .   (no gloves)
MR       .....                  (no boots)
Stlth    +.........             (no amulet)
HPRegen  0.15/turn              (no ring)
MPRegen  0.10/turn              (no ring)

@: confused, very slightly contaminated
A: large bone plates 1, MP-powered wands
a: Renounce Religion


You were on level 5 of the Dungeon.
You worshipped Xom.
You were a special plaything of Xom.
You were not hungry.

You visited 1 branch of the dungeon, and saw 5 of its levels.

You collected 126 gold pieces.

Inventory:

Hand Weapons
 h - a +2 whip of flaming
Missiles
 d - 6 tomahawks (quivered)
Armour
 a - a +0 robe (worn)
 e - a +0 ring mail
 m - a cursed -2 leather armour
Wands
 P - a wand of paralysis (2)
Scrolls
 g - a scroll of remove curse {@r2}
 j - a scroll of enchant weapon
Comestibles
 c - 3 rations {!d}


   Skills:
 + Level 3.0 Fighting
 - Level 1.5 Dodging
 - Level 1.5 Stealth
 * Level 5.0 Unarmed Combat
 - Level 1.5 Spellcasting
 - Level 4.0 Conjurations


You had 6 spell levels left.
You knew the following spells:

 Your Spells              Type           Power        Failure   Level  Hunger
a - Magic Dart            Conj           ##..         4%          1    ##.....


Dungeon Overview and Level Annotations

Branches:
Dungeon (5/15)
 Temple: D:4-7

Altars:
Makhleb
Trog
Xom
Yredelemnul

Annotations:
D:4 Pikel, Robin


Innate Abilities, Weirdness & Mutations

You are partially covered in large bone plates. (SH +4)
You expend magic power (3 MP) to strengthen your wands.


Message History

A gnoll comes into view. It is wielding a flail.
Casting: Magic Dart (safe; 4% risk of failure)
Confirm with . or Enter, or press ? or * to list all spells.
Aiming: Magic Dart (safe; 4% risk of failure)
Press: ? - help, Shift-Dir - straight line, f - gnoll
Aim: a gnoll, wielding a flail The magic dart hits the gnoll.
The gnoll is moderately wounded.
Casting: Magic Dart (safe; 4% risk of failure)
Confirm with . or Enter, or press ? or * to list all spells.
Aiming: Magic Dart (safe; 4% risk of failure)
Press: ? - help, Shift-Dir - straight line, f/p - gnoll
Aim: a gnoll, wielding a flail (moderately wounded)
The magic dart hits the gnoll.
The gnoll is heavily wounded.
A centaur comes into view.
The centaur shouts!
You hear a shout!
The gnoll shouts!
The centaur wields a shortbow.
The centaur shoots an arrow.
The arrow hits you!
You see here an arrow.
Huge Dmg: -35%(-16hp) hp: 54%(24hp) Unknown command.
There is an open door here.
Unknown command.
The centaur shoots an arrow.
The arrow hits you!
* * * LOW HITPOINT WARNING * * *
You see here an arrow.
Huge Dmg: -29%(-13hp) hp: 25%(11hp)
You close the door.
You aren't carrying any potions.
Unknown command.
As you read the scroll labeled CIXERE ISUCH, it crumbles to dust.
You hear a loud clanging noise!
It was a scroll of noise.
You hear an angry hiss.
Unknown command.
As you read the scroll labeled FASIL XEMUSHRO, it crumbles to dust.
It is a scroll of identify.
j - a scroll of enchant weapon
As you read the scroll labeled SAYSUN FAMIH, it crumbles to dust.
Your hands glow bright brown for a moment.
It was a scroll of random uselessness.
A centaur opens the door.
The centaur shoots an arrow.
The arrow hits you.
* * * LOW HITPOINT WARNING * * *
Huge Dmg: -13%(-6hp) hp: 12%(5hp)
You close the door.
A centaur opens the door.
Unknown command.
Okay, then.
You aren't carrying any potions.
Blink to where?
Press: ? - help, Dir - move target cursor, p - gnoll You are very lightly contaminated with residual magic.
As you read the scroll labeled YPAJUL DADEAF, it crumbles to dust.
It was a scroll of blinking.
Unknown command.
As you read the scroll labeled REMUPA VAMIC, it crumbles to dust.
The air around you briefly surges with heat, but it dissipates.
It was a scroll of immolation.
Unknown command.
As you read the scroll labeled AFIARPH HALI, it crumbles to dust.
You feel strangely unstable.
It was a scroll of teleportation.
Unknown command.
Unknown command.
Unknown command.
Unknown command.
Your surroundings suddenly seem different.
Found 16 gold pieces.
Unknown command.
There is an open door here.
As you open the door, it creaks loudly!
You hear an angry hiss.
There is an open door here.
Xom's power touches on you for a moment.
Noxious gases pour from your hands!
You open the door.
A worker ant zombie comes into view.
You are engulfed in noxious fumes.
You choke on the stench!
You are confused.
* * * LOW HITPOINT WARNING * * *
Huge Dmg: -4%(-2hp) hp: 16%(7hp)
You are engulfed in noxious fumes.
You choke on the stench!
You are more confused.
* * * LOW HITPOINT WARNING * * *
There is an open door here.
Damage: -2%(-1hp) hp: 14%(6hp)
You bump into the rock wall.
You are engulfed in noxious fumes.
You choke on the stench!
You are more confused.
You are engulfed in noxious fumes.
You choke on the stench!
You are more confused.
* * * LOW HITPOINT WARNING * * *
Huge Dmg: -4%(-2hp) hp: 12%(5hp) You're too confused!
You're too confused!
You are engulfed in noxious fumes.
You choke on the stench!
You are more confused.
* * * LOW HITPOINT WARNING * * *
There is an open door here.
Damage: -3%(-1hp) hp: 9%(4hp)
You are engulfed in noxious fumes.
The worker ant zombie bites you.
You die...

#........# #.........# #.
#........####.........###.
#........'[...........'...
#........#########....###.
#.........# ##....#*#.
####'#....# #.....+≈≈.
#########.#.§§.#######.....#≈≈.
#.........+..§§§..........)♣♣≈.
#.#######.#..§@########...≈♣≈P.
#.#<...##...§§§Z......+..♣≈≈≈≈.
#.###..........########.♣♣≈≈≈..
#.# #..........# #.♣*≈≈≈.. #.#
#..........#******##♣*≈≈P..
###.###....>......,,,,,,,,**≈≈≈..
#............###..,,,**,,,**≈≈≈,,
######............,,,**,,,,*≈≈≈,,
#..........,,,,,,,,,,,*≈≈≈,,


You could see a worker ant zombie.

Vanquished Creatures
  A centaur skeleton (D:4)
  An iguana (D:4)
  Natasha (twice) (D:4)
  A gnoll (D:5)
  An adder (D:3)
  An ufetubus (D:5)
  A worm (D:3)
  2 dart slugs
  2 leopard geckos
  5 orcs
  2 giant cockroaches
  5 goblins
  A hobgoblin (D:2)
  2 jackals (D:1)
  7 kobolds
  A quokka (D:3)
  4 bats
  4 frilled lizards
  2 rats
45 creatures vanquished.

Vanquished Creatures (others)
  A water moccasin zombie (D:5)
1 creature vanquished.

Grand Total: 46 creatures vanquished

Notes
Turn   | Place    | Note
-------+----------+-------------------------------------------
     0 | D:1      | dstrtnsr the Hill Orc Conjurer began the quest for the Orb.
     0 | D:1      | Reached XP level 1. HP: 14/14 MP: 3/3
    61 | D:1      | Reached skill level 1 in Unarmed Combat
   127 | D:1      | Reached XP level 2. HP: 20/20 MP: 1/4
   199 | D:1      | Reached skill level 2 in Unarmed Combat
   507 | D:2      | Reached XP level 3. HP: 23/27 MP: 5/5
   546 | D:3      | Noticed a bullfrog
   566 | D:3      | Reached skill level 3 in Unarmed Combat
   606 | D:3      | Reached skill level 1 in Fighting
   678 | D:3      | HP: 11/28 [adder (3)]
   683 | D:3      | HP: 10/28 [poisoned by an adder]
   691 | D:3      | HP: 9/28 [poisoned by an adder]
   695 | D:3      | Found a shimmering altar of Xom.
   705 | D:3      | Became a worshipper of Xom of Chaos
   731 | D:3      | Found a basalt altar of Yredelemnul.
   732 | D:3      | Found a bloodstained altar of Trog.
   733 | D:3      | Found a burning altar of Makhleb.
   778 | D:3      | XOM: summons 1 hostile shadow creature
   854 | D:3      | Reached XP level 4. HP: 27/35 MP: 3/6
   930 | D:4      | Noticed Robin
  1001 | D:4      | Noticed Natasha
  1015 | D:4      | Killed Natasha
  1111 | D:4      | HP: 12/36 [iguana (11)]
  1111 | D:4      | XOM: butterfly on damage
  1113 | D:4      | Reached skill level 4 in Unarmed Combat
  1174 | D:4      | HP: 13/36 [centaur skeleton (3)]
  1176 | D:4      | Reached XP level 5. HP: 15/42 MP: 4/7
  1186 | D:4      | Noticed Natasha
  1187 | D:4      | Gained mutation: You expend magic power (3 MP) to strengthen your wands. [potion of mutation]
  1187 | D:4      | Gained mutation: You are partially covered in large bone plates. (SH +4) [potion of mutation]
  1187 | D:4      | HP: 10/42 [Natasha/magic dart (7)]
  1192 | D:4      | HP: 4/42 [Natasha (1)]
  1197 | D:4      | Killed Natasha
  1217 | D:4      | Noticed an ogre
  1226 | D:4      | Noticed Pikel
  1260 | D:4      | XOM: 1-stop teleportation journey
  1282 | D:4      | Noticed a slave
  1291 | D:5      | Entered Level 5 of the Dungeon
  1366 | D:5      | XOM: polymorph shadow imp -> ufetubus
  1440 | D:5      | XOM: divine lightning
  1487 | D:5      | Reached skill level 5 in Unarmed Combat
  1537 | D:5      | Noticed a centaur
  1542 | D:5      | HP: 11/45 [centaur/arrow (14)]
  1546 | D:5      | HP: 5/45 [centaur/arrow (6)]
  1572 | D:5      | XOM: mild Air miscast
  1573 | D:5      | HP: 7/45 [something (2)]
  1578 | D:5      | Slain by a worker ant zombie

Vault maps used:
D:1:      ncdulo_watergridlock
D:2:      first_ration
D:3:      gammafunk_temple_overflow_claw, marbit_many_paths, fedhas_altar_3,
          uniq_crazy_yiuf_cottage
D:4:      uniq_robin, uniq_pikel, uniq_natasha
D:5:      moated_statue, hangedman_decor_peaks_small, serial_bayou_ford_a

Skill      XL: |  1  2  3  4  5 |
---------------+----------------+-----
Unarmed Combat | 1 2 3 4 5 |  5.0
Fighting       | 1 2 3 |  3.0
Dodging        | |  1.5
Stealth        | |  1.5
Spellcasting   | |  1.5
Conjurations   | |  4.0

Action                   |  1- 3 |  4- 6 || total
-------------------------+-------+-------++-------
Melee: Unarmed           |    31 |    10 ||    41
       Whip              |    47 |    36 ||    83
Throw: Tomahawk          |     1 |       ||     1
 Cast: Magic Dart        |    34 |    22 ||    56
Evoke: Wand              |       |     1 ||     1
  Use: Scroll            |       |     9 ||     9
       Potion            |       |     5 ||     5
 Stab: Paralysed         |       |     5 ||     5
  Eat: Chunk             |     1 |       ||     1
       Ration            |       |     1 ||     1
Armor: Robe              |    13 |     1 ||    14
       Skin              |       |     4 ||     4
Dodge: Dodged            |    48 |    19 ||    67
Block: Other             |       |     3 ||     3

Table legend:
 A = Spawn XP
 B = Non-spawn XP
 C = Spawn XP percentage of total XP
 D = Spawn monster count
 E = Non-spawn monster count
 F = Spawn count percentage of total count
 G = Total turns spent on level
                    A         B        C        D         E        F      G
               +---------+---------+-------+---------+---------+-------+---------
         Total |       0 |     284 |   0.0 |       0 |      46 |   0.0 |  1578
               +---------+---------+-------+---------+---------+-------+---------
           D:1 |       0 |      23 |   0.0 |       0 |      10 |   0.0 |   274
           D:2 |       0 |      12 |   0.0 |       0 |       8 |   0.0 |   177
           D:3 |       0 |      47 |   0.0 |       0 |      18 |   0.0 |   502
           D:4 |       0 |     155 |   0.0 |       0 |       6 |   0.0 |   338
           D:5 |       0 |      47 |   0.0 |       0 |       4 |   0.0 |   287
               +---------+---------+-------+---------+---------+-------+---------
